[Event "E Women's Grand Prix | Fourth Leg 2022/23"]
[Site "Chess.com"]
[Date "2023.05.26"]
[Round "10"]
[White "Kosteniuk, Alexandra"]
[Black "Shuvalova, Polina"]
[Result "1/2-1/2"]
[WhiteElo "2535"]
[BlackElo "2484"]
[ECO "B45"]
[EventDate "2023.??.??"]
[Annotator "rafael"]
[PlyCount "190"]
[Beauty "3716220462627"]
[EventType "swiss"]
[EventRounds "11"]
[EventCountry "FID"]
[TimeControl "5400+30"]

1.e4 c5 2.Nf3 e6 3.d4 cxd4 4.Nxd4 Nf6 5.Nc3 Nc6 {This variation of the Sicilian is very topical lately. As I understand it, Black's idea in the move order with 2...e6 is to avoid the Rossolimo Variation and other options for White and to transpose to the Sveshnikov Defense. But not everything is rosy: White, who has been stripped of his right to play the Rossolimo, can now choose to capture the knight on c6.} 6.Nxc6 bxc6 7.e5 Nd5 8.Ne4 Qc7 9.f4 Qb6 10.c4 Bb4+ 11.Ke2 f5 12.Nf2 {12.exf6 is equally played here, and it's not clear which move is better.} 12...Ba6 13.Kf3 Ne7 14.Be3 Bc5 15.Bxc5 Qxc5 16.Qd6 Qb6 17.b3 c5 {There are still hundreds of games played in this position.} 18.Kg3 {Played after a long thought. Maybe Kosteniuk was out of book at this point.} ( 18.Rd1 {is the main move.} ) 18...g5 $5 {[%c_effect g5;square;g5;type;Interesting;persistent;true] An interesting pawn sacrifice.} ( 18...Bb7 {is more conventional.} 19.Be2 Qxd6 ( 19...Nc8 {is also possible.} 20.Qd2 d5 $1 21.cxd5 Bxd5 {with chances for both sides.} ( 21...exd5 $2 {[%c_effect d5;square;d5;type;Mistake;persistent;true] This is a big mistake. White was winning after} 22.Bh5+ Kf8 23.Nd3 {in Hracek-Shtyrenkov, Pardubice 2002.} ) ) 20.exd6 Ng8 21.a3 Nf6 22.b4 Kf7 {with a complicated endgame. White later won in Saric-Ibarra Jerez, Gibraltar 2020.} ) 19.fxg5 h6 {Is this a kind of deferred Benko Gambit $2 If this is so, it's a much-improved version for Black, as the files are opening close to White's king.} 20.Nd3 ( 20.h4 {is probably more accurate:} 20...hxg5 ( 20...Bb7 $1 {[%c_effect b7;square;b7;type;GreatFind;persistent;true] is better.} ) 21.hxg5 Rxh1 22.Nxh1 Ng6 23.Nf2 {with the advantage in Howell-Chandler, London 1992.} ) 20...Rc8 ( 20...Bb7 $3 {[%c_effect b7;square;b7;type;Brilliant;persistent;true] is a very deep move that gives Black excellent compensation. The idea is} 21.Nxc5 ( 21.gxh6 {is better, but Black is fine after} 21...f4+ 22.Kf2 Qd8 $1 23.Qxc5 Nf5 {with the initiative.} ) ( 21.Qxc5 hxg5 {with excellent compensation.} ) 21...Bc6 $1 22.Kf2 ( 22.gxh6 $2 f4+ {followed by 23...Nf5, winning material.} ) 22...hxg5 {with good play for Black.} ) 21.Qxb6 ( 21.gxh6 $4 Rc6 {is embarassing.} ) 21...axb6 22.gxh6 Bb7 23.Nf4 Nc6 {Black has very good compensation for the pawn.} 24.Re1 Rxh6 25.h4 Ra8 $1 {[%c_effect a8;square;a8;type;GreatFind;persistent;true] I like this move, forcing White to advance the a-pawn, making the queenside structure worse.} 26.a4 Ke7 27.Rh3 Rg8+ 28.Kf2 Rg4 29.g3 Nd4 30.Re3 d6 $1 31.exd6+ Kxd6 32.Bg2 e5 $1 {[%c_effect e5;square;e5;type;GreatFind;persistent;true] The game was very well played up to this point. The natural result is a draw, but now Kosteniuk makes a mistake.} 33.Nd3 $2 ( 33.Bxb7 {is enough for a draw:} 33...exf4 34.Rd3 fxg3+ 35.Rdxg3 Rhxh4 36.Rxh4 Rxh4 37.Rg6+ ) 33...e4 $2 {[%c_effect e4;square;e4;type;Mistake;persistent;true] Shuvalova misses the chance to achieve a winning position.} ( 33...f4 $1 34.Rxe5 {The only chance.} ( 34.Bxb7 fxe3+ 35.Kxe3 Nf5+ 36.Kf3 Rhg6 {wins.} ) 34...fxg3+ 35.Kg1 ( 35.Rxg3 $2 Rf6+ ) 35...Bf3 $3 {[%c_effect f3;square;f3;type;Brilliant;persistent;true] We must admit this excellent move is not easy to find. White is in serious trouble, for instance:} 36.Re3 ( 36.Rg5 Ne2+ 37.Kf1 Bxg2+ 38.Kxg2 Rd4 $1 ) 36...Bxg2 37.Kxg2 Nf5 {Black should win.} ) 34.Nf4 Rh8 35.h5 Rh6 {It's very hard for both sides to improve the position, and they will keep maneuvering the pieces back and forth until Kosteniuk makes a winning attempt.} 36.Bf1 Bc6 37.Be2 Rg7 38.Bd1 Be8 39.Nd5 Ke5 40.Re1 Bf7 41.Nc3 Be6 42.Rh4 Kf6 ( 42...Bd7 $1 {[%c_effect d7;square;d7;type;GreatFind;persistent;true] is more accurate, transposing to a position seen later in the game.} ) 43.Rf4 ( 43.g4 {White has the chance to try this move immediately, although the draw is still the most likely result after} 43...fxg4 44.Nxe4+ Ke7 ) 43...Ke5 44.Rh4 Bd7 $1 45.g4 Bc6 $1 {[%c_effect c6;square;c6;type;GreatFind;persistent;true] This is the idea.} 46.gxf5 Nxf5 47.Rhxe4+ Bxe4 48.Rxe4+ Kd6 49.Nb5+ Kd7 50.Bg4 Rf6 51.Nc3 Rxg4 $6 {[%c_effect g4;square;g4;type;Inaccuracy;persistent;true] This move allows a nice trick for White that would be very unpleasant to face.} ( 51...Kd6 {is simpler with an equal position.} ) 52.Rxg4 $6 ( 52.Nd5 $3 {[%c_effect d5;square;d5;type;Brilliant;persistent;true] Black now needs to play very carefully to achieve a draw.} 52...Rgg6 $1 {[%c_effect g6;square;g6;type;GreatFind;persistent;true] The only move.} ( 52...Rxe4 $2 53.Nxf6+ ) ( 52...Rf7 $2 53.Rxg4 Nh6+ 54.Rf4 ) 53.hxg6 Rxg6 54.Rf4 Nd4 55.b4 $1 {[%c_effect b4;square;b4;type;GreatFind;persistent;true] Black should still be able to draw with very precise moves, but the task is not easy.} ) 52...Nh6+ 53.Kg3 Nxg4 54.Kxg4 Ke8 55.Nd5 Rc6 56.Kf5 Kf7 {White cannot make progress.} 57.Nf4 Rh6 58.Kg5 Rd6 59.Nd5 Kg7 60.Kf5 Rh6 61.Nf4 Kf7 62.Kg5 Rd6 63.Kf5 Rh6 64.Ke5 Ke7 65.Nd5+ Kf7 66.Nf4 Ke7 67.Ng6+ Kd7 68.Nf4 Ke7 69.Kf5 Kf7 70.Kg5 Rd6 71.h6 Kg8 72.Nd5 Kh8 73.b4 cxb4 74.Nxb4 Kh7 ( 74...Rd4 {is much simpler.} 75.Nd5 Rxc4 76.Nxb6 Rb4 77.Nd5 Rxa4 {with an immediate draw.} ) 75.Nd5 Rg6+ 76.Kf5 Rxh6 77.Ke5 Kg7 78.Kd4 Kf7 79.Kc3 Ke8 80.Kb4 Kd7 81.Kb5 Rh1 82.Kxb6 Rb1+ 83.Kc5 Ra1 84.Nc3 Rc1 85.Nd5 Ra1 86.Kb5 Rb1+ 87.Nb4 Kc7 88.a5 Kb7 89.c5 Kc7 90.a6 Rb3 91.Kc4 Ra3 92.Kd5 Ra4 93.Kc4 Ra3 94.Nd5+ Kc6 95.Nb4+ Kc7 1/2-1/2

[Event "E Women's Grand Prix | Fourth Leg 2022/23"]
[Site "Chess.com"]
[Date "2023.05.27"]
[Round "11"]
[White "Khotenashvili, Bela"]
[Black "Wagner, Dinara"]
[Result "0-1"]
[WhiteElo "2478"]
[BlackElo "2417"]
[ECO "A22"]
[EventDate "2023.??.??"]
[Annotator "pigle"]
[PlyCount "70"]
[Beauty "7976828021281"]
[EventType "swiss"]
[EventRounds "11"]
[EventCountry "FID"]
[TimeControl "5400+30"]

1.c4 Nf6 2.Nc3 e5 3.g3 Bb4 4.Bg2 O-O 5.e4 {This variation of the English Opening is not very popular. White can't achieve an advantage against the plan used in this game.} 5...Bxc3 6.bxc3 c6 $1 {[%c_effect c6;square;c6;type;GreatFind;persistent;true] This accurate move gives Black a good position.} 7.Ne2 d5 8.cxd5 cxd5 9.Ba3 {This move is new but not very good. The bishop is not well placed on a3.} ( 9.exd5 {This is better, although White has no advantage after} 9...Nxd5 10.O-O Nc6 ) 9...Re8 ( 9...dxe4 $6 {[%c_effect e4;square;e4;type;Inaccuracy;persistent;true] It's too much to sacrifice the exchange, but in a blitz game, you could have fun with Black's position after} 10.Bxf8 Kxf8 ) 10.exd5 Nxd5 11.O-O Nc6 {Black is already better. We can conclude that something went wrong with Khotenashvili's preparation.} 12.h3 {Both 12.Re1 and 12.Rb1 are worthy alternatives.} ( 12.Qb3 $6 {[%c_effect b3;square;b3;type;Inaccuracy;persistent;true] The queen is not well placed here as it can later be attacked by the bishop on e6.} 12...Nb6 ) ( 12.Re1 ) ( 12.Rb1 ) 12...Bf5 {This allows White to simplify the game.} ( 12...Qa5 {is more accurate.} 13.Qb3 Nb6 14.d3 Be6 15.c4 Rad8 {with the initiative.} ) 13.d4 $1 exd4 14.Nxd4 Nxc3 15.Nxc6 bxc6 ( 15...Qxd1 {leads to a drawn endgame after:} 16.Raxd1 bxc6 17.Bxc6 Nxd1 18.Bxa8 Rxa8 19.Rxd1 Bxh3 20.Be7 {The rooks will be exchanged after 21.Rd8+ with an elementary draw.} ) 16.Qb3 ( 16.Qxd8 {is a good alternative, looking for a draw in an endgame a pawn down.} 16...Raxd8 ( {Or} 16...Rexd8 17.Bxc6 Bxh3 18.Bxa8 Bxf1 19.Kxf1 Rxa8 20.Rc1 {with a likely draw.} ) 17.Bxc6 Re2 18.Bg2 Rxa2 19.Rxa2 Nxa2 20.Bc5 a6 21.Ra1 Be6 22.Bf1 {with good drawing chances.} ) 16...Nd5 ( 16...Qf6 {is also possible. Black is slightly better after} 17.Bb2 Ne2+ 18.Kh2 Qg6 ) 17.Qa4 Qd7 18.Kh2 Re2 19.Bc5 Qe6 20.Qa6 {White prepares 21.Qb7.} ( 20.Bf3 $1 {[%c_effect f3;square;f3;type;GreatFind;persistent;true] is more precise.} 20...Rc2 ( 20...Re5 21.Bd4 Bxh3 22.Bxe5 Bxf1 23.Bxg7 $1 Kxg7 24.Rxf1 {White has enough compensation for the pawn.} ) 21.Rfe1 Qd7 22.Rac1 ( 22.Bxd5 {is not so good because White has to be careful with the light squares after} 22...Qxd5 23.Qxa7 Rc8 ) 22...Rxc1 23.Rxc1 {The bishop pair offers adequate compensation for the pawn.} ) 20...h5 $1 {[%c_effect h5;square;h5;type;GreatFind;persistent;true] This move gives some air to the king and prepares an attack with h5-h4.} 21.a4 $2 {[%c_effect a4;square;a4;type;Mistake;persistent;true] White should not allow Black's pawn to reach h4.} ( 21.Qb7 {is also bad:} 21...Rd8 22.Qxa7 h4 {with a strong attack.} ) ( 21.Bxd5 {is not yet necessary, but this is an important defensive resource.} 21...cxd5 22.Qxe6 fxe6 {with winning chances for Black.} ) ( 21.h4 $1 {[%c_effect h4;square;h4;type;GreatFind;persistent;true] is the best move, stopping the h-pawn.} ) 21...h4 22.Ra3 $2 {[%c_effect a3;square;a3;type;Mistake;persistent;true] This loses. White should force the queen exchange, getting drawing chances due to the presence of opposite-colored bishops.} ( 22.Bxd5 $1 cxd5 ( 22...Qxd5 $4 23.Qxe2 ) 23.Qxe6 hxg3+ 24.Kxg3 Rxe6 ( 24...fxe6 25.Rfe1 ) ) 22...Rc2 $1 {[%c_effect c2;square;c2;type;GreatFind;persistent;true] Attacking the bishop and removing the rook from the attack of the queen on a6.} 23.Qb7 Re8 24.Qxa7 hxg3+ $2 {[%c_effect g3;square;g3;type;Mistake;persistent;true] This allows White to bring the rook to the defense. Black had two strong continuations:} ( 24...Be4 {Exchanging the light-squared bishops.} ) ( 24...Nc3 $1 {[%c_effect c3;square;c3;type;GreatFind;persistent;true] This is the strongest move, cutting off the a3-rook from the game and preparing to take on g3. There's no defense.} 25.Qc7 ( 25.g4 Be4 {with a decisive attack.} ) 25...Be4 {Black has a winning advantage.} ) 25.Rxg3 Nf4 26.Re3 ( 26.Bd4 {is also possible.} ) 26...Qc8 27.Rfe1 $2 {[%c_effect e1;square;e1;type;Mistake;persistent;true] This loses a pawn and allows Black to continue the attack.} ( 27.Rxe8+ {is better:} 27...Qxe8 28.Qe7 $1 {[%c_effect e7;square;e7;type;GreatFind;persistent;true] an important move.} 28...Qxe7 29.Bxe7 Nxg2 30.Kxg2 Ra2 {The a-pawn is going to be captured, but White has good drawing chances.} ) 27...Rxe3 28.Bxe3 ( 28.Rxe3 {offers no salvation:} 28...Rxf2 29.Re8+ Qxe8 30.Bxf2 Nxg2 31.Kxg2 Qe4+ 32.Kh2 Qf4+ 33.Bg3 Qf1 $1 {[%c_effect f1;square;f1;type;GreatFind;persistent;true] The h3-pawn is lost.} ) 28...Nxg2 29.Kxg2 Bxh3+ 30.Kh2 Rc4 $1 {[%c_effect c4;square;c4;type;GreatFind;persistent;true] A strong move, transferring the rook to the kingside.} 31.Qe7 Rg4 ( 31...Rxa4 {is also good.} ) 32.Bc5 ( 32.Kxh3 $2 Rg5+ ( 32...Re4+ {winning the queen is also not so bad.} ) 33.Kh2 Rh5+ {With a forced mate.} ) 32...Qf5 ( 32...Rxa4 ) 33.Qe8+ ( 33.Rg1 $1 {[%c_effect g1;square;g1;type;GreatFind;persistent;true] is the only chance.} ) 33...Kh7 34.Qxc6 Bg2 ( 34...Bf1 {is also good:} 35.Rxf1 Qh5# ) 35.f3 Qf4+ 0-1

[Event "Grand Chess Superbet Chess Classic 2023"]
[Site "Chess.com"]
[Date "2023.05.11"]
[Round "6"]
[White "Ding, Liren"]
[Black "So, Wesley"]
[Result "1/2-1/2"]
[WhiteElo "2789"]
[BlackElo "2760"]
[ECO "A22"]
[EventDate "2023.??.??"]
[Annotator "rafael"]
[PlyCount "79"]
[Beauty "6121020491308"]
[EventType "simul"]
[EventRounds "2"]
[EventCountry "ROU"]
[TimeControl "5400+30"]

1.c4 Nf6 2.Nc3 e5 3.e3 {It seems that Ding has an inexhaustible amount of little ideas in the English Opening.} 3...Bb4 4.Nge2 {All very logical, and we've seen this in different forms before. White wants to play a3 and capture on c3 with a piece.} 4...O-O 5.a3 Be7 ( 5...Bxc3 6.Nxc3 d5 7.cxd5 Nxd5 {This is also playable and So had this position with Black in a blitz game against Carlsen.} ) 6.d4 exd4 7.Qxd4 ( 7.Nxd4 d5 $1 {[%c_effect d5;square;d5;type;GreatFind;persistent;true] Black equalizes easily.} ) 7...Na6 $5 {[%c_effect a6;square;a6;type;Interesting;persistent;true] This rare move is probably the result of home preparation. The main question in this position is whether Black will be able to play the liberating d7-d5 move or not.} ( 7...Nc6 {is the main move.} ) 8.Qd1 {The queen retreats as prophylaxis against Nc5. In case of} ( 8.Nf4 Nc5 9.Qd1 a5 $1 {[%c_effect a5;square;a5;type;GreatFind;persistent;true] Black is able to secure the knight's post before it is pushed back by b2-b4. At least, this is what I imagined before discovering that this has all been played before. See the next comment.} ) 8...c6 $5 {[%c_effect c6;square;c6;type;Interesting;persistent;true] A new move in this position, but we will have a transposition later. The plan is to play Nc5 and then d7-d5.} ( 8...Nc5 9.b4 {I suppose this is the right way to use the earlier queen retreat.} ( 9.Nf4 a5 $1 {[%c_effect a5;square;a5;type;GreatFind;persistent;true] transposes to the position I've just mentioned.} 10.b3 c6 11.Be2 d6 {with a good position for Black in Gasanov-Banusz, Zalakaro op 2017.} ) 9...Nce4 10.Bb2 a5 $1 {[%c_effect a5;square;a5;type;GreatFind;persistent;true] To be honest, this also doesn't seem very inspiring for White.} ) 9.Nf4 Nc7 ( 9...Nc5 {is also good.} 10.b4 Ne6 ) 10.e4 {Ding wants to avoid the move d7-d5, which leads to easy equality.} ( 10.Be2 d5 ) 10...Re8 {The real novelty.} ( 10...d5 11.cxd5 cxd5 12.exd5 Bd6 13.Be2 Bxf4 14.Bxf4 Ncxd5 15.Nxd5 Nxd5 16.Bg3 {White has a small edge due to the bishop pair. Ponkratov-Khanin, Chelyabinsk (rapid) 2020.} ) 11.Be2 $6 ( 11.Bd3 $1 {[%c_effect d3;square;d3;type;GreatFind;persistent;true] is better. A possible variation is:} 11...d5 12.cxd5 cxd5 13.O-O dxe4 14.Nxe4 Nxe4 15.Bxe4 Qxd1 16.Rxd1 Bxa3 $1 17.Bxh7+ Kxh7 18.Rxa3 {with an equal endgame.} ) 11...Bf8 {Now White is in trouble. Surprisingly lackluster play by Ding in an opening he probably had studied for the world championship match.} 12.Qd3 ( 12.O-O Nxe4 13.Nxe4 Rxe4 {The compensation for the missing pawn is not enough.} ) 12...Qe7 13.f3 Qe5 $1 ( 13...d5 {also looks tempting, but the move played in the game is better.} 14.cxd5 cxd5 15.Ncxd5 Ncxd5 16.Nxd5 Nxd5 17.Qxd5 Be6 {with excellent compensation for Black, but White should make a draw with careful play.} ) 14.Nh3 $2 {[%c_effect h3;square;h3;type;Mistake;persistent;true] An ugly move born out of necessity.} ( 14.O-O {is a better way to fight for a draw.} 14...d5 $1 15.cxd5 cxd5 16.Nfxd5 Ncxd5 17.f4 $1 {[%c_effect f4;square;f4;type;GreatFind;persistent;true] The best defense.} ( 17.exd5 Bf5 $1 18.Qd1 Nxd5 19.Qxd5 Qxd5 20.Nxd5 Rxe2 {This is an unpleasant endgame for White.} ) 17...Qe6 18.exd5 Nxd5 19.Nxd5 Qxe2 20.Qxe2 Rxe2 21.Be3 $1 {[%c_effect e3;square;e3;type;GreatFind;persistent;true] With good drawing chances for White, for instance:} 21...Be6 22.Nc7 Rc8 23.Nxe6 Rxe3 24.Nxf8 Kxf8 25.Rf2 ) 14...d5 $1 {[%c_effect d5;square;d5;type;GreatFind;persistent;true] Is just a dream position for Black. White has fallen behind in development, the king is stuck in the center, and his pieces are badly placed.} 15.Bf4 Qe7 16.cxd5 cxd5 ( 16...Bxh3 $6 17.d6 $1 ) 17.Nf2 ( 17.exd5 $2 Ncxd5 {with a decisive initiative.} ) ( 17.Bxc7 $2 Bxh3 18.gxh3 Qxc7 19.Nxd5 Nxd5 20.exd5 Qf4 {with a totally winning position for Black.} ) 17...Ne6 18.Be3 d4 $1 {[%c_effect d4;square;d4;type;GreatFind;persistent;true] So plays all the best moves.} 19.Bxd4 Rd8 $1 ( 19...Nf4 $2 {[%c_effect f4;square;f4;type;Mistake;persistent;true] is not convincing after} 20.Qd2 Nxg2+ 21.Kf1 ) 20.Bxf6 Qxf6 21.Ng4 $1 {[%c_effect g4;square;g4;type;GreatFind;persistent;true] The best chance.} ( 21.Nd5 Qxb2 22.Rb1 ( 22.O-O Nf4 $1 ) 22...Qxa3 {with a technically winning position.} ) ( 21.Qc4 Nf4 22.O-O Be6 {Black's position plays by itself.} ) 21...Qg5 $1 22.h4 ( 22.Qe3 Nf4 $1 {[%c_effect f4;square;f4;type;GreatFind;persistent;true] is unpleasant.} ) 22...Qa5 23.Qb5 Qc7 24.Nd5 Qg3+ 25.Kf1 {After conducting a perfect game until this point, So hesitates.} 25...Bd7 $2 ( 25...Rxd5 $1 {[%c_effect d5;square;d5;type;GreatFind;persistent;true] is a killer exchange sacrifice that decides the game. I imagine Kasparov would've never missed such a move, but maybe I'm just being nostalgic.} 26.exd5 Nf4 27.Ne3 a6 $1 {[%c_effect a6;square;a6;type;GreatFind;persistent;true] An important little move that is necessary to complete the development of the c8-bishop.} 28.Qb6 ( 28.Qc4 Bd7 {with a deadly attack.} ) ( 28.Qe8 $2 Bh3 $1 ) 28...Bf5 $1 {[%c_effect f5;square;f5;type;GreatFind;persistent;true] Followed by Re8, with a devastating initiative.} ) 26.Qa5 Nd4 27.Rd1 ( 27.Qe1 {is more stubborn.} ) 27...Nxe2 28.Rh3 {The only justification of the previous move.} 28...b6 $1 29.Qa6 Bxg4 $1 30.Rxg3 Nxg3+ 31.Ke1 ( 31.Kf2 {loses to} 31...Nxe4+ 32.fxe4 Bxd1 ) 31...Be6 32.Qb7 Rdb8 33.Qc7 Nh5 34.g4 Nf6 35.Ne7+ Bxe7 36.Qxe7 Re8 37.Qb7 {Unbalanced positions are never easy to assess, but So surely knew that he was close to winning here. His decision to repeat moves and accept a draw makes no sense to me.} 37...Reb8 ( 37...h5 {is the most natural way to continue.} 38.g5 Nh7 39.Kf2 Nf8 {Black is ahead in material and should win this position with no particular problem since White's king is too unsafe.} ) 38.Qe7 Re8 39.Qb7 Reb8 40.Qe7 1/2-1/2